Map: 大气2000-天梯版

Players

小坚强 (Dragon)

  • Race: Terran Terran
  • League: Master

TIME (Oliveira) - Winner!

  • Race: Terran Terran

Event: DreamHack SC2 Masters 2021 Summer

VOD

Have the link to the VOD?

Description

Time

  • Played on: May 26, 2021, 7:42 a.m.
  • Length: 14:32

All games in this series

Show
View Real Time Build Order
Export as new Build Order

小坚强 Terran 

Build Orders:  

Get SALT Encoding   

  12  0:00  SCV  
  13  0:12  SCV  
  14  0:17  Supply Depot  
  14  0:24  SCV  
  15  0:29  Refinery  
  15  0:38  SCV  
  16  0:44  Barracks  
  16  0:50  SCV  
  16  0:56  Refinery  
  17  1:02  SCV  
  18  1:14  SCV  
  19  1:31  Barracks Reactor, Orbital Command  
  19  1:33  Supply Depot  
  19  1:41  Factory  
  19  1:56  SCV  
  20  2:07  Reaper x2  
  22  2:09  SCV  
  23  2:21  SCV  
  23  2:22  Supply Depot  
  24  2:25  Hellion  
  26  2:30  Starport  
  26  2:33  SCV  
  27  2:39  Reaper x2  
  29  2:45  SCV  
  29  2:47  Hellion  
  29  2:49  Supply Depot  
  32  3:09  Hellion  
  32  3:11  Reaper x2  
  36  3:13  Medivac  
  38  3:29  Command Center  
  38  3:34  Factory Tech Lab  
  38  3:44  Reaper x2  
  36  3:59  SCV  
  37  4:03  Siege Tank  
  40  4:11  SCV  
  40  4:15  Marine  
  40  4:16  Marine, Medivac  
  45  4:20  Supply Depot  
  45  4:23  SCV  
  45  4:35  SCV  
  46  4:44  Marine x2, Siege Tank  
  50  4:47  SCV  
  51  4:58  Refinery  
  51  4:59  SCV  
  52  5:00  Medivac  
  52  5:02  Marine x2  
  52  5:03  Orbital Command  
  56  5:11  SCV  
  57  5:20  Marine x2  
  59  5:21  Siege Tank  
  59  5:23  SCV  
  63  5:29  Supply Depot  
  48  5:43  Marine x2  
  48  5:44  Medivac  
  48  5:45  SCV  
  51  5:51  SCV  
  49  5:57  SCV  
  49  5:59  Siege Tank  
  49  6:03  SCV, Marine x2  
  56  6:07  Command Center  
  56  6:09  SCV  
  57  6:15  SCV  
  58  6:21  SCV  
  59  6:27  SCV  
  59  6:28  Viking x2  
  59  6:30  Barracks Tech Lab, Barracks x2  
  64  6:33  SCV  
  64  6:34  Siege Tank  
  64  6:39  SCV  
  69  6:41  Refinery  
  69  6:45  SCV  
  70  6:51  SCV  
  70  6:53  Marine  
  72  6:57  SCV  
  72  6:58  Viking x2  
  77  7:04  SCV, Supply Depot  
  78  7:16  Engineering Bay, Stimpack  
  78  7:17  Engineering Bay  
  78  7:19  Barracks Reactor, SCV, Siege Tank  
  82  7:24  Orbital Command  
  82  7:26  Barracks Reactor  
  82  7:28  SCV  
  83  7:32  Marine  
  84  7:42  Viking x2  
  88  7:44  SCV  
  88  7:45  SCV  
  88  7:50  Marine  
  92  7:51  SCV  
  92  7:56  SCV, Supply Depot  
  92  7:57  SCV  
  92  7:58  Marine x2  
  96  8:01  Terran Infantry Weapons Level 1  
  96  8:09  Marine x2  
  96  8:10  Supply Depot  
  96  8:11  Terran Infantry Armor Level 1, SCV x2  
  98  8:20  Medivac  
  98  8:21  Medivac  
  100  8:31  SCV x2  
  102  8:37  Marine x4  
  105  8:41  SCV  
  105  8:42  Marine  
  105  8:43  SCV x2  
  105  8:44  Siege Tank  
  112  8:54  Marine  
  112  8:55  Marine x2  
  115  9:00  Marine x2  
  115  9:01  Medivac x2  
  115  9:02  SCV x3  
  117  9:05  Combat Shield  
  111  9:22  Marine  
  111  9:23  Marine  
  108  9:26  Marine x2  
  108  9:27  Marine  
  108  9:28  Siege Tank  
  108  9:29  SCV x3  
  117  9:32  Barracks  
  117  9:33  Barracks  
  117  9:38  Supply Depot  
  117  9:51  Supply Depot x2  
  117  9:59  Marine x5  
  117  10:00  SCV x3  
  117  10:02  Refinery  
  117  10:04  Armory  
  125  10:12  SCV, Medivac x2  
  130  10:15  Supply Depot  
  130  10:16  Siege Tank  
  130  10:17  Marine x2  
  130  10:21  Barracks Reactor x2  
  135  10:25  Factory  
  135  10:26  SCV x3  
  138  10:31  Marine x2  
  140  10:37  Refinery  
  140  10:40  SCV x3  
  143  10:46  Marine x3  
  146  10:54  Marine x2  
  148  10:59  Factory  
  148  11:02  Supply Depot  
  148  11:03  Marine  
  148  11:04  Supply Depot  
  149  11:22  Sensor Tower  
  149  11:23  Marine x2, Siege Tank  
  154  11:29  Command Center  
  154  11:30  Marine x3  
  139  11:34  Marine  
  139  11:35  Sensor Tower, Marine  
  135  11:41  Marine  
  133  11:58  Siege Tank  
  123  12:04  Factory Tech Lab  
  123  12:05  Factory Tech Lab  
  123  12:14  Marine x2  
  123  12:15  Marine x2  
  124  12:26  Siege Tank  
  127  12:30  Supply Depot  
  127  12:40  Orbital Command, Siege Tank x2  
  127  12:42  Marine  
  134  12:58  Siege Tank  
  137  13:03  Medivac x2  
  137  13:04  Marine x5  
  146  13:08  Supply Depot  
  146  13:13  Siege Tank  
  146  13:15  Marine  
  150  13:21  Marine x2  
  142  13:31  SCV x2  
  144  13:35  Siege Tank  
  147  13:41  Marine x2, Command Center  
  147  13:45  SCV x2  
  151  13:49  Marine x2, Siege Tank  
  156  13:58  SCV x2  
  158  14:09  Supply Depot  
  158  14:13  SCV  
  158  14:16  SCV  
Show
View Real Time Build Order
Export as new Build Order

TIME Terran - Winner!

Build Orders:  

Get SALT Encoding   

  12  0:00  SCV  
  13  0:12  SCV  
  14  0:17  Supply Depot  
  14  0:24  SCV  
  15  0:38  SCV  
  15  0:40  Barracks  
  16  0:45  Refinery  
  16  0:51  SCV  
  16  0:53  Refinery  
  17  1:03  SCV  
  18  1:15  SCV  
  19  1:27  Reaper, Orbital Command  
  19  1:28  Supply Depot  
  20  1:44  Factory  
  20  1:53  SCV  
  21  1:59  Reaper  
  22  2:05  SCV  
  23  2:17  SCV  
  24  2:23  Command Center  
  24  2:29  SCV  
  25  2:31  Barracks Reactor  
  25  2:37  Supply Depot  
  25  2:41  SCV  
  26  2:50  Factory Tech Lab  
  26  2:51  Starport  
  26  2:53  SCV  
  27  3:05  SCV  
  27  3:08  Marine x2  
  27  3:09  Cyclone  
  33  3:18  SCV  
  34  3:26  Marine x2  
  36  3:29  Starport Tech Lab  
  36  3:30  Refinery, SCV  
  37  3:42  Orbital Command  
  37  3:44  Marine, Siege Tank  
  37  3:47  Marine  
  37  4:00  SCV  
  37  4:02  Raven, Marine  
  39  4:05  Marine  
  42  4:14  Orbital Command  
  42  4:16  Supply Depot  
  42  4:20  Marine  
  43  4:26  Siege Tank  
  46  4:38  SCV  
  47  4:42  SCV  
  47  4:45  Barracks Reactor  
  46  4:51  SCV  
  47  4:54  SCV, Command Center  
  47  4:56  Refinery  
  51  5:03  SCV  
  51  5:06  SCV  
  50  5:07  Supply Depot  
  50  5:08  Raven  
  50  5:12  Supply Depot  
  52  5:16  SCV  
  52  5:18  SCV  
  54  5:29  Marine x2, Siege Tank  
  54  5:35  SCV  
  51  5:39  SCV  
  46  5:46  Marine x2  
  46  5:47  SCV  
  46  5:51  SCV  
  47  5:59  SCV  
  47  6:02  Siege Tank  
  47  6:03  SCV  
  52  6:06  Orbital Command  
  52  6:11  SCV  
  52  6:13  Viking  
  52  6:14  Viking  
  52  6:15  SCV  
  58  6:20  Marine, Stimpack  
  58  6:24  SCV  
  60  6:27  SCV  
  60  6:32  SCV  
  62  6:35  Siege Tank  
  62  6:38  SCV  
  66  6:42  Viking  
  66  6:45  SCV  
  66  6:46  SCV  
  70  6:51  Supply Depot  
  59  6:54  Viking  
  70  6:55  SCV  
  70  6:58  SCV  
  70  6:59  SCV  
  70  7:01  Marine  
  76  7:07  Siege Tank  
  79  7:10  SCV  
  82  7:17  SCV x2  
  82  7:19  Liberator  
  85  7:23  SCV, Supply Depot  
  85  7:24  Liberator  
  85  7:26  Marine  
  85  7:29  SCV  
  91  7:31  SCV  
  92  7:38  Barracks  
  92  7:39  Barracks  
  92  7:44  Siege Tank  
  92  7:47  Supply Depot  
  92  7:48  SCV  
  96  7:51  Marine  
  96  7:54  SCV x2  
  99  8:02  SCV  
  100  8:11  Marine  
  100  8:12  Engineering Bay x2, Viking  
  103  8:18  Siege Tank  
  103  8:19  SCV, Viking  
  107  8:21  Orbital Command  
  107  8:22  SCV  
  108  8:31  Barracks Reactor x2, Combat Shield  
  108  8:32  Marine  
  108  8:33  SCV  
  110  8:34  SCV  
  110  8:39  Supply Depot  
  111  8:44  Terran Infantry Armor Level 1, Terran Infantry Weapons Level 1  
  111  8:45  SCV  
  112  8:51  SCV  
  113  8:56  SCV  
  113  8:57  SCV  
  112  9:03  Marine, Siege Tank  
  112  9:04  SCV  
  115  9:10  SCV, Barracks  
  115  9:11  SCV  
  115  9:12  Barracks, Supply Depot  
  108  9:26  Marine x3  
  108  9:28  Marine, Medivac x2  
  108  9:29  SCV  
  108  9:30  SCV x2  
  112  9:35  Supply Depot  
  112  9:36  Sensor Tower  
  112  9:37  Marine  
  113  9:41  SCV  
  113  9:42  SCV  
  113  9:45  Marine  
  116  9:47  SCV  
  116  9:52  Marine x2  
  118  9:53  SCV  
  118  9:55  Refinery x2  
  118  9:57  Armory, Marine  
  122  10:01  Barracks Reactor  
  122  10:02  Barracks Reactor, Siege Tank  
  122  10:04  SCV  
  122  10:06  Marine x2  
  127  10:08  Viking x2  
  131  10:17  Marine x2  
  131  10:19  Command Center  
  133  10:26  Marine  
  134  10:29  Marine  
  134  10:34  Marine  
  134  10:35  Marine, Siege Tank  
  137  10:36  Marine  
  137  10:38  SCV x2  
  137  10:41  Supply Depot  
  137  10:42  Supply Depot  
  145  10:43  Viking  
  145  10:44  Marine x2, Viking  
  145  10:47  Terran Infantry Weapons Level 2  
  146  10:51  Marine x2  
  146  10:53  Terran Infantry Armor Level 2  
  148  10:59  Supply Depot  
  148  11:06  Marine x3  
  148  11:08  Marine, Supply Depot  
  152  11:12  Marine  
  152  11:13  Siege Tank  
  152  11:15  Marine x3, Terran Vehicle Weapons Level 1  
  158  11:20  Viking x2  
  161  11:31  Marine  
  161  11:32  Marine x2  
  156  11:37  Marine  
  158  11:40  Marine x2  
  158  11:42  SCV  
  161  11:50  Marine  
  161  11:51  Marine  
  161  11:52  Marine  
  160  11:55  Marine  
  160  11:59  Marine x2  
  160  12:00  Siege Tank  
  160  12:01  Marine x3, Medivac x2  
  150  12:02  SCV  
  150  12:08  Marine  
  152  12:09  Marine  
  152  12:10  Marine  
  152  12:11  Planetary Fortress  
  154  12:17  Refinery  
  154  12:24  Marine x3  
  154  12:25  Marine x2, Sensor Tower  
  154  12:27  Missile Turret  
  154  12:29  Marine  
  159  12:35  Factory  
  160  12:37  Missile Turret  
  160  12:38  Barracks Reactor, Marine, Missile Turret  
  160  12:40  Marine, Siege Tank  
  160  12:42  Marine  
  166  12:46  Marine  
  166  12:48  Marine x2  
  169  12:54  Marine x2  
  171  12:59  Marine x2  
  171  13:00  Medivac x2  
  177  13:06  Starport x2, Marine x2  
  179  13:13  Command Center  
  179  13:17  Marine x3  
  179  13:19  Marine x3  
  185  13:23  Marine  
  186  13:31  Marine  
  186  13:32  Marine  
  188  13:37  Sensor Tower, Marine x2  
  188  13:40  Marine x2  
  188  13:41  Marine  
  193  13:44  Marine  
  193  13:48  Marine  
  195  13:49  Marine  
  195  13:53  Supply Depot  
  196  14:05  Starport Tech Lab  
  196  14:06  Starport Tech Lab  
Tags
 
Add a new tag
Caveats
  • Supply blocks, unpowered buildings, or Contaminate may cause inaccurate times.
  • Supply counts are checked every 10 seconds.